 Dungeon Crawl Stone Soup version 0.29.1-4-g47bece8355 (webtiles) character file.

Game seed: 18251541037394412963

361 safid the Shooter (level 6, 0/57 HPs)
             Began as a Minotaur Hunter on Dec 6, 2022.
             Slain by a black bear (7 damage)
             ... on level 4 of the Dungeon.
             The game lasted 00:04:02 (3283 turns).

safid the Shooter (Minotaur Hunter)                 Turns: 3283, Time: 00:04:02

Health: 0/57       AC:  3    Str: 16    XL:     6   Next: 38%
Magic:  5/5        EV: 12    Int:  6    God:
Gold:   167        SH:  0    Dex: 15    Spells: 5/5 levels left

rFire   . . .      SeeInvis .   a - +1 shortbow
rCold   . . .      Faith    .   (shield currently unavailable)
rNeg    . . .      Spirit   .   c - +0 leather armour
rPois   .          Reflect  .   (helmet restricted)
rElec   .          Harm     .   (no cloak)
rCorr   .          Rampage  .   (no gloves)
Will    .....                   (no boots)
Stlth   +.........              (no amulet)
HPRegen 0.19/turn               (no ring)
MPRegen 0.09/turn               (no ring)

@: no status effects
A: horns 2, retaliatory headbutt
a: no special abilities


You were on level 4 of the Dungeon.
You visited 1 branch of the dungeon, and saw 4 of its levels.

You collected 167 gold pieces.

Inventory:

Hand Weapons
 a - a +1 shortbow (weapon)
Missiles
 n - 6 curare-tipped darts
Armour
 c - a +0 leather armour (worn)
Scrolls
 b - 2 scrolls of immolation
 d - a scroll of acquirement {unknown}
 f - a scroll of enchant weapon
 i - a scroll of identify {unknown}
 k - a scroll of teleportation {unknown}
 l - a scroll of fear {unknown}
 m - a scroll of poison {unknown}
 o - a scroll of noise {unknown}
 p - a scroll of silence {unknown}
Potions
 e - 2 potions of mutation {unknown}
 g - 2 potions of brilliance {unknown}
 h - a potion of ambrosia {unknown}
 j - 2 potions of magic {unknown}


   Skills:
 + Level 6.0 Fighting
 + Level 6.7 Ranged Weapons
 - Level 2.1 Dodging
 - Level 0.7 Stealth


You had 5 spell levels left.
You didn't know any spells.
Your spell library contained the following spells:

 Spells                   Type           Power      Damage    Failure   Level
 Sandblast                Erth           0%         2d4       52%         1
 Summon Small Mammal      Summ           0%         N/A       52%         1
 Passwall                 Tmut/Erth      0%         N/A       67%         2
 Call Canine Familiar     Summ           0%         N/A       88%         3
 Stone Arrow              Conj/Erth      0%         3d7       88%         3
 Summon Guardian Golem    Hex/Summ       0%         N/A       88%         3


Dungeon Overview and Level Annotations

Branches:
Dungeon (4/15)
 Temple: D:4-7

Altars:

Shops:
D:2 [   D:3 (

Annotations:
D:4 Blork the orc


Innate Abilities, Weirdness & Mutations

You have a pair of horns on your head.
You reflexively headbutt those who attack you in melee.


Message History

The black bear growls angrily.
Fire: a) +0 shortbow
Press: ? - help, Q - select action, (/) - cycle Shift-Dir - straight line, f - black bear
Aim: a black bear (72% to hit)
You shoot an arrow. The arrow hits the black bear.
The black bear is lightly wounded.
The black bear bites you.
* * * LOW HITPOINT WARNING * * *
The black bear barely misses you.
The black bear claws you but does no damage.
Fire: a) +0 shortbow
Press: ? - help, Q - select action, (/) - cycle Shift-Dir - straight line, f/p - black bear
Aim: a black bear (lightly wounded, 72% to hit)
You shoot an arrow. The arrow barely misses the black bear.
The black bear bites you but does no damage.
The black bear closely misses you. The black bear barely misses you.
Fire: a) +0 shortbow
Press: ? - help, Q - select action, (/) - cycle Shift-Dir - straight line, f/p - black bear
Aim: a black bear (lightly wounded, 72% to hit)
You shoot an arrow.
The arrow hits the black bear but does no damage.
The black bear is lightly wounded.
The black bear closely misses you.
The black bear claws you but does no damage.
The black bear claws you.
* * * LOW HITPOINT WARNING * * *
Fire: a) +0 shortbow
Press: ? - help, Q - select action, (/) - cycle Shift-Dir - straight line, f/p - black bear
Aim: a black bear (lightly wounded, 72% to hit)
You shoot an arrow.
The arrow closely misses the black bear.
The black bear bites you.
* * * LOW HITPOINT WARNING * * *
The black bear barely misses you. The black bear claws you.
* * * LOW HITPOINT WARNING * * *
As you read the scroll labelled KAPPUUCWES, it crumbles to dust.
It is a scroll of enchant weapon.
Your +0 shortbow glows red for a moment.
The black bear bites you!
You die...

.. #.# #'# #.# #.#
#.# #.########## #.#
#.#[.......# #.#
#..........# #.#
#..........# #.#
#..........# #.#
#.#o.h@....######)##
#.######.........).#
o.....).#
#...........#
.#.######
#...........#
#...........#
#....)......#
#...........#
#...........#
#...........#


You could see Blork the orc and a black bear.

Vanquished Creatures
  A howler monkey (D:4)
  4 orc priests
  Natasha (D:4)
  3 orc wizards
  An adder (D:2)
  A worm (D:3)
  A dart slug (D:2)
  12 orcs
  9 bats
  11 endoplasms
  2 giant cockroaches (D:2)
  3 goblins
  6 hobgoblins
  5 jackals (D:1)
  A quokka (D:1)
  3 ball pythons
  7 frilled lizards
  12 kobolds
  5 rats
88 creatures vanquished.

Notes
Turn   | Place    | Note
-------+----------+-------------------------------------------
     0 | D:1      | safid the Minotaur Hunter began the quest for the Orb.
     0 | D:1      | Reached XP level 1. HP: 18/18 MP: 0/0
   103 | D:1      | Reached XP level 2. HP: 25/25 MP: 1/1
   393 | D:1      | Reached skill level 5 in Ranged Weapons
   395 | D:1      | Reached XP level 3. HP: 28/31 MP: 2/2
   824 | D:2      | Found a faded altar of an unknown god.
   856 | D:2      | Found Pokerr's Antique Armour Shoppe.
  1348 | D:3      | Reached XP level 4. HP: 40/40 MP: 3/3
  1665 | D:3      | Found Peuwk's Weapon Shoppe.
  2258 | D:3      | Reached XP level 5. HP: 29/47 MP: 4/4
  2409 | D:4      | Reached skill level 5 in Fighting
  2415 | D:4      | Noticed Blork the orc
  2428 | D:3      | HP: 2/48 [orc/+0 mace (4)]
  2924 | D:4      | Reached XP level 6. HP: 4/56 MP: 5/5
  3232 | D:4      | Noticed Natasha
  3251 | D:4      | Killed Natasha
  3283 | D:4      | Slain by a black bear

Illustrated notes

Levels and vault maps discovered:
D:1:      ebering_trefoil_3fold, layout_basic
D:2:      layout_loops_cross, hellmonk_ecumenical_altar_slurped_away,
          serial_shops, nicolae_shop_statue_plus
D:3:      minmay_evil_eye, layout_loops_ring, serial_shops,
          nicolae_shop_bloodbath_and_beyond
D:4:      layout_basic, nicolae_titane, uniq_natasha, uniq_blork_the_orc

Skill      XL: |  1  2  3  4  5  6 |
---------------+-------------------+-----
Fighting       | 3 4 5 6 |  6.0
Ranged Weapons | 5 6 |  6.7
Dodging        | |  2.1
Stealth        | |  0.7

Action                   |  1- 3 |  4- 6 || total
-------------------------+-------+-------++-------
 Fire: Shortbow          |   111 |   153 ||   264
  Use: Scroll            |       |     1 ||     1
Armor: Leather armour    |    12 |    20 ||    32
Dodge: Dodged            |    24 |    45 ||    69
